 Dungeon Crawl Stone Soup version 0.25.1-2-g60ff931df9 (webtiles) character file.

Game seed: 12405373371783578408

28281 Curus the Bludgeoner (level 13, -4/122 HPs)
             Began as a Minotaur Gladiator on Oct 22, 2020.
             Was the Champion of Okawaru.
             Slain by a wyvern (6 damage)
             ... while petrified by a basilisk
             ... on level 4 of the Lair of Beasts.
             The game lasted 01:13:00 (16269 turns).

Curus the Bludgeoner (Minotaur Gladiator)          Turns: 16269, Time: 01:13:01

Health: -4/122     AC:  8    Str: 19    XL:     13   Next: 8%
Magic:  13/17      EV:  2    Int:  7    God:    Okawaru [******]
Gold:   836        SH:  0    Dex: 15    Spells: 12/12 levels left

rFire    + . .     SeeInvis .   O - +1 morningstar (protect)
rCold    + . .     Gourm    .   e - +2 buckler
rNeg     + + +     Faith    .   A - +0 troll leather armour
rPois    ∞         Spirit   .   K - +1 hat
rElec    .         Reflect  .   n - +1 cloak
rCorr    .         Harm     .   p - +0 pair of gloves
MR       .....                  (no boots)
Stlth    +.........             (no amulet)
HPRegen  0.70/turn              v - ring of protection from fire
MPRegen  0.15/turn              s - ring of positive energy

@: petrified, finesse
A: retaliatory headbutt, horns 2, repulsion field 1, cold resistance 1
a: Heroism, Finesse, Renounce Religion


You were on level 4 of the Lair of Beasts.
You worshipped Okawaru.
Okawaru was exalted by your worship.
You were not hungry.

You visited 3 branches of the dungeon, and saw 16 of its levels.
You also visited: Bailey and Volcano.

You collected 836 gold pieces.

Inventory:

Hand Weapons
 a - a +1 flail
 r - a +2 flail of protection
 F - a +0 morningstar
 O - a +1 morningstar of protection (weapon)
 P - a +2 flail of flaming
 Q - a +0 morningstar
Missiles
 d - 3 throwing nets (quivered)
Armour
 b - a +0 leather armour
 c - a +0 hat
 e - a +2 buckler (worn)
 n - a +1 cloak (worn)
 p - a +0 pair of gloves (worn)
 w - a +3 leather armour
 y - a +2 ring mail of cold resistance
 A - a +0 troll leather armour (worn)
 K - a +1 hat (worn)
 R - the cursed +1 ring mail of Vuomy {+Inv, unknown}
   (You found it on level 3 of the Lair of Beasts)

   It lets you turn invisible.
   It has a curse placed upon it.
Jewellery
 l - an uncursed ring of magical power
 q - a +6 ring of strength
 s - a ring of positive energy (right hand)
 t - an uncursed ring of ice
 v - a ring of protection from fire (left hand)
 M - a +4 ring of evasion
Wands
 m - a wand of random effects (9)
 o - a wand of polymorph (5)
 C - a wand of flame (14)
 E - a wand of clouds (1)
 J - a wand of digging (5)
Scrolls
 g - 2 scrolls of fog
 h - 11 scrolls of identify
 u - a scroll of remove curse
 B - 6 scrolls of amnesia
 D - a scroll of magic mapping
 H - 2 scrolls of teleportation
 I - a scroll of holy word
 L - 2 scrolls of fear
Potions
 i - 3 potions of ambrosia
 j - 2 potions of mutation
 k - 5 potions of curing
 z - a potion of berserk rage
 G - 3 potions of resistance
 N - 3 potions of stabbing
 S - 4 potions of brilliance
Comestibles
 f - 39 rations
 x - a chunk of flesh


   Skills:
 + Level 13.1 Fighting
 - Level 16.0 Maces & Flails
 - Level 2.0 Throwing
 + Level 12.4 Dodging
 - Level 4.2 Shields
 - Level 7.0 Invocations
 - Level 0.2 Evocations


You had 12 spell levels left.
You didn't know any spells.
Your spell library contained the following spells:

 Spells                   Type           Power        Failure   Level  Hunger
 Magic Dart               Conj           #...         50%         1    ##.....
 Shock                    Conj/Air       #...         50%         1    ##.....
 Blink                    Tloc           N/A          63%         2    ###....
 Call Imp                 Summ           #.......     63%         2    ###....
 Slow                     Hex            #.......     63%         2    ###....
 Swiftness                Chrm/Air       #.......     63%         2    ###....
 Conjure Flame            Conj/Fire      #.......     86%         3    ####...
 Mephitic Cloud           Conj/Pois/Air  #.......     86%         3    ####...
 Static Discharge         Conj/Air       #.......     86%         3    ####...
 Airstrike                Air            #.........   99%         4    #####..
 Lightning Bolt           Conj/Air       #.........   100%        5    ######.


Dungeon Overview and Level Annotations

Branches:
Dungeon (11/15)            Temple (1/1) D:5            Lair (4/6) D:11
 Shoals (0/4) Lair:3       Spider (0/4) Lair:4          Orc (0/2) D:9
 Bailey (visited)         Volcano (visited)

Altars:
Ashenzari
Cheibriados
Dithmenos
Elyvilon
Fedhas
Gozag
Hepliaklqana
Kikubaaqudgha
Makhleb
Nemelex Xobeh
Okawaru
Qazlal
Ru
Sif Muna
Trog
Uskayaw
Vehumet
Wu Jian
Xom
Yredelemnul
Zin
The Shining One

Shops:
D:4 *

Portals:
Abyss: D:10

Annotations:
D:10 2 transporters, Xye's ghost, journeyman DEVM
Lair:2 exclusion: oklob plant


Innate Abilities, Weirdness & Mutations

You reflexively headbutt those who attack you in melee.
You have a pair of horns on your head.
You are surrounded by a mild repulsion field. (EV +2)
Your flesh is cold resistant. (rC+)


Message History

The hippogriff barely misses you. The hippogriff bites you!
* * * LOW HITPOINT WARNING * * *
The hippogriff pecks you.
* * * LOW HITPOINT WARNING * * *
The hippogriff claws you. The wyvern bites you!
* * * LOW HITPOINT WARNING * * *
The hippogriff bites you.
* * * LOW HITPOINT WARNING * * *
The hippogriff pecks you.
The hippogriff claws you but does no damage.
The hippogriff bites you.
* * * LOW HITPOINT WARNING * * *
The hippogriff pecks you. The hippogriff claws you.
* * * LOW HITPOINT WARNING * * *
The basilisk hisses angrily.
The wyvern bites you but does no damage.
The wyvern bites you!
You die...

#.....P#.###....##)........
......l##..#.#.H.###.#.##...
..................##.####..#
.........##..#.##..####..P
.........##..# #P.#.##...
..)......#..#####........
#.#####..#..#......#...## ##
#.H..........#≈≈≈≈≈
#†@..........#...##
#H†l........#.....#
#H#....P.P#†##.#...#
............######..#
..............#..#....
...............###.....P
...l............##...##.
..!............##.......
.................


You could see 4 hippogriffs, a basilisk and 2 wyverns.

Vanquished Creatures
  2 hydras (D:11)
  Erica (D:9)
  A centaur warrior (Volcano)
  A hell knight (Volcano)
  2 manticores
  2 centaur zombies (D:11)
  2 ugly things
  Joseph (Lair:1)
  2 merfolk sirens (Lair:3)
  Psyche (D:8)
  9 spiny frogs
  2 rime drakes (Lair:4)
  5 komodo dragons
  A yaktaur (Volcano)
  2 queen bees
  2 merfolk (Lair:3)
  A troll (D:9)
  12 blink frogs
  7 dream sheep (Lair:4)
  6 hippogriffs
  Sigmund (D:6)
  A spriggan (D:7)
  17 yaks
  2 wyverns (Lair:4)
  5 basilisks
  7 porcupines
  4 water moccasins
  5 orc warriors
  A sky beast (D:7)
  3 necrophages
  8 ogres
  2 eyes of draining
  8 centaurs
  3 crocodiles
  10 bullfrogs
  A wyvern zombie (D:10)
  A wyvern skeleton (D:10)
  2 scorpions
  29 killer bees
  4 wights (D:10)
  4 howler monkeys
  4 crimson imps
  2 bullfrog zombies
  7 orc priests
  4 bullfrog skeletons
  8 hounds
  A centaur skeleton (D:8)
  4 jellies
  5 iguanas
  7 orc wizards
  Natasha (thrice) (D:2)
  8 worker ants
  A hound skeleton (D:5)
  7 gnolls
  A worker ant zombie (D:7)
  15 adders
  A shadow imp (D:8)
  An adder zombie (D:10)
  3 adder skeletons
  A worm (D:6)
  2 dart slugs
  5 leopard geckos
  34 orcs
  8 giant cockroaches
  8 goblins
  6 hobgoblins
  6 jackals
  6 kobolds
  2 quokkas
  2 ball pythons (D:4)
  8 bats
  6 frilled lizards
  A jackal skeleton (D:4)
  A jackal zombie (D:5)
  7 rats
365 creatures vanquished.

Vanquished Creatures (others)
  2 fungi (Lair:2)
  A plant (Lair:2)
3 creatures vanquished.

Grand Total: 368 creatures vanquished

Notes
Turn   | Place    | Note
-------+----------+-------------------------------------------
     0 | D:1      | Curus the Minotaur Gladiator began the quest for the Orb.
     0 | D:1      | Reached XP level 1. HP: 18/18 MP: 0/0
   174 | D:1      | Reached skill level 4 in Maces & Flails
   366 | D:1      | Reached XP level 2. HP: 25/25 MP: 1/1
  1143 | D:2      | Noticed Natasha
  1146 | D:2      | Reached skill level 5 in Maces & Flails
  1150 | D:2      | Killed Natasha
  1150 | D:2      | Reached XP level 3. HP: 21/30 MP: 2/2
  1315 | D:2      | Found a shadowy altar of Dithmenos.
  1395 | D:2      | Noticed Natasha
  1405 | D:2      | Killed Natasha
  1405 | D:2      | Reached skill level 6 in Maces & Flails
  1405 | D:2      | Reached XP level 4. HP: 11/37 MP: 3/3
  1859 | D:2      | Noticed Natasha
  1862 | D:2      | Killed Natasha
  2416 | D:2      | Reached XP level 5. HP: 42/42 MP: 4/4
  2613 | D:3      | Reached skill level 7 in Maces & Flails
  2624 | D:3      | Gained mutation: Your flesh is cold resistant. (rC+)
                  | [potion of mutation]
  2624 | D:3      | Gained mutation: You are surrounded by a mild repulsion
                  | field. (EV +2) [potion of mutation]
  3298 | D:3      | Reached skill level 8 in Maces & Flails
  3562 | D:4      | Reached XP level 6. HP: 46/50 MP: 5/5
  3595 | D:4      | HP: 2/50 [poisoned by an adder]
  3603 | D:4      | HP: 2/50 [poisoned by an adder]
  4099 | D:4      | Reached skill level 9 in Maces & Flails
  4158 | D:4      | Found an opulent altar of Gozag.
  4669 | D:4      | Found Gozag's Platinum Reserve.
  4790 | D:4      | Reached XP level 7. HP: 56/56 MP: 6/6
  4798 | D:4      | Reached skill level 10 in Maces & Flails
  5316 | D:5      | Entered Level 5 of the Dungeon
  5472 | D:5      | Reached skill level 11 in Maces & Flails
  5584 | D:5      | Found an ancient bone altar of Kikubaaqudgha.
  5664 | D:5      | Reached XP level 8. HP: 62/62 MP: 7/7
  5701 | D:5      | Found a staircase to the Ecumenical Temple.
  5710 | Temple   | Entered the Ecumenical Temple
  5808 | Temple   | Became a worshipper of Warmaster Okawaru
  6116 | D:6      | Reached skill level 12 in Maces & Flails
  6900 | D:6      | Reached skill level 13 in Maces & Flails
  7098 | D:6      | Noticed Sigmund
  7107 | D:6      | Killed Sigmund
  7107 | D:6      | Reached * piety under Okawaru
  7174 | D:6      | Found a shattered altar of Ashenzari.
  7495 | D:7      | Reached XP level 9. HP: 54/68 MP: 8/8
  7590 | D:7      | Reached skill level 14 in Maces & Flails
  7919 | D:7      | Reached ** piety under Okawaru
  8236 | D:7      | Found a shimmering altar of Xom.
  8243 | D:7      | Found a blossoming altar of Fedhas.
  8315 | D:7      | Reached skill level 5 in Dodging
  8473 | D:8      | Noticed Psyche
  8486 | D:8      | Killed Psyche
  8486 | D:8      | Reached skill level 5 in Fighting
  9076 | D:8      | Reached *** piety under Okawaru
  9372 | D:8      | Reached XP level 10. HP: 51/85 MP: 9/9
  9684 | D:9      | Noticed Erica
  9700 | D:9      | Killed Erica
  9700 | D:9      | Reached **** piety under Okawaru
 10063 | D:9      | Found a staircase to the Orcish Mines.
 10187 | D:10     | Entered Level 10 of the Dungeon
 10470 | D:10     | Reached ***** piety under Okawaru
 10492 | D:10     | Reached skill level 10 in Fighting
 10644 | D:10     | Noticed a toenail golem
 10652 | D:10     | Identified the +1 battleaxe of Income {distort, rPois MP+9
                  | Str-4 Int-5}
 10652 | D:10     | Noticed a skeletal warrior
 10699 | D:10     | Found a transporter.
 10707 | D:10     | Found a transporter.
 10710 | D:10     | Found a one-way gate to the infinite horrors of the Abyss.
 10710 | D:10     | Noticed Xye's ghost (journeyman DEVM)
 10710 | D:10     | Noticed a wizard
 10780 | D:10     | Found a flagged portal.
 10790 | Bailey   | Entered a bailey
 11050 | Bailey   | Noticed an orc knight
 11071 | Bailey   | Noticed an orc knight
 11320 | D:10     | Noticed a red ugly thing
 11333 | D:10     | Killed a red ugly thing
 11333 | D:10     | Reached skill level 1 in Shields
 11333 | D:10     | Reached skill level 1 in Invocations
 11333 | D:10     | Reached XP level 11. HP: 59/99 MP: 10/10
 11784 | D:11     | Noticed a white ugly thing
 11797 | D:11     | Killed a white ugly thing
 11855 | D:11     | Noticed a six-headed hydra
 11866 | D:11     | Killed a six-headed hydra
 11866 | D:11     | Received a gift from Okawaru
 12243 | D:11     | Noticed a seven-headed hydra
 12251 | D:11     | Killed a seven-headed hydra
 12284 | D:11     | Found a staircase to the Lair.
 12290 | Lair:1   | Entered Level 1 of the Lair of Beasts
 12441 | Lair:1   | Reached skill level 15 in Maces & Flails
 12499 | Lair:1   | Received a gift from Okawaru
 12546 | Lair:1   | Noticed Joseph
 12562 | Lair:1   | Killed Joseph
 12596 | Lair:1   | Reached skill level 5 in Invocations
 12599 | Lair:1   | Reached ****** piety under Okawaru
 12667 | Lair:1   | Received a gift from Okawaru
 13281 | Lair:2   | Reached XP level 12. HP: 97/106 MP: 16/16
 13349 | Lair:2   | Received a gift from Okawaru
 13402 | Lair:2   | Found a dark tunnel.
 13433 | Volcano  | Entered a volcano
 13449 | Volcano  | Noticed a centaur warrior
 13452 | Volcano  | Found a bloodstained altar of Trog.
 13457 | Volcano  | Reached skill level 16 in Maces & Flails
 13469 | Volcano  | Killed a centaur warrior
 13541 | Volcano  | Reached skill level 10 in Dodging
 13574 | Volcano  | Received a gift from Okawaru
 14712 | Lair:3   | Got a bloodstained ring mail
 14804 | Lair:3   | Found a staircase to the Shoals.
 15257 | Lair:3   | Noticed Sonja
 15260 | Lair:3   | Noticed Sonja
 15260 | Lair:3   | Sonja changed into Sonja the queen bee
 15266 | Lair:3   | Killed Sonja the queen bee
 16103 | Lair:4   | Received a gift from Okawaru
 16155 | Lair:4   | Found a hole to the Spider Nest.
 16226 | Lair:4   | Reached XP level 13. HP: 95/119 MP: 17/17
 16232 | Lair:4   | Received a gift from Okawaru
 16268 | Lair:4   | HP: 5/122 [hippogriff (2)]
 16268 | Lair:4   | HP: 2/122 [hippogriff (2)]
 16269 | Lair:4   | Slain by a wyvern

Illustrated notes

Levels and vault maps discovered:
D:1:      elethiomel_arrival_quiet, layout_basic, minmay_statues_item,
          st_stairs_7, serial_bayou_crossing
D:2:      layout_basic, grunt_dithmenos_smoke, uniq_natasha
D:3:      layout_basic, first_ration
D:4:      layout_loops_cross, nicolae_gozag_zags_fifth_avenue
D:5:      layout_rooms, marbit_many_paths, minmay_temple_entry_mist
D:6:      layout_loops_cross, lemuel_round_altar, uniq_sigmund
D:7:      layout_loops_corners, amethyst_overflow_temple_binary, the_bakery,
          kennysheep_decorative_pillar
D:8:      layout_loops_cross, uniq_psyche
D:9:      layout_rooms, orc_0_dummy, uniq_erica
D:10:     layout_loops_ring, special_room [special_room_bee],
          gammafunk_ghost_abyssal_escape, enter_bailey_8
D:11:     layout_irregular_city, lair_entry_dummy
Temple:   minmay_temple_bridge_d
Lair:1:   layout_gridlike, uniq_joseph
Lair:2:   layout_gridlike, nicolae_volcano_entry_two_sided, grunt_megastairs_4,
          minmay_lair_oklob_chamber, infiniplex_staircase_pool
Lair:3:   layout_cave_shapes, elwin_shoals_entry_stream, serial_bayou_pond_a,
          uniq_sonja
Lair:4:   layout_gridlike, spider_nest_entry_web_field, special_room
          [special_room_mythical_zoo], chequers_serial_rivers_micro_b

Skill      XL: |  1  2  3  4  5  6  7  8  9 10 11 12 13 |
---------------+----------------------------------------+-----
Maces & Flails | 4 5 6 8 9 11 13 14 15 16 | 16.0
Fighting       | 7 10 12 13 | 13.1
Dodging        | 6 9 12 | 12.4
Shields        | 1 4 |  4.2
Invocations    | 1 6 7 |  7.0
Throwing       | |  2.0
Evocations     | |  0.2

Action                   |  1- 3 |  4- 6 |  7- 9 | 10-12 | 13-15 || total
-------------------------+-------+-------+-------+-------+-------++-------
Melee: Flail             |    58 |   164 |   336 |    63 |       ||   621
       Headbutt          |     9 |    26 |    76 |   147 |     7 ||   265
       Morningstar       |       |       |       |   672 |    30 ||   702
Throw: Throwing net      |       |     1 |       |     1 |       ||     2
Invok: Heroism           |       |       |       |     4 |     1 ||     5
       Finesse           |       |       |       |       |     1 ||     1
Evoke: Wand              |       |       |       |     4 |       ||     4
  Use: Potion            |     3 |     2 |     5 |     5 |       ||    15
       Scroll            |     3 |     2 |     7 |     7 |     1 ||    20
 Stab: Held in net/web   |       |       |       |     1 |       ||     1
  Eat: Chunk             |     2 |     9 |    15 |    23 |       ||    49
Armor: Leather armour    |    11 |    21 |    49 |       |       ||    81
       Ring mail         |       |       |    10 |    13 |       ||    23
       Troll leather arm |       |       |       |    94 |    27 ||   121
Dodge: Dodged            |    37 |   103 |   121 |   532 |    86 ||   879
Block: Buckler           |     3 |    10 |    44 |   224 |    36 ||   317
